 Dungeon Crawl Stone Soup version 0.29.0 (webtiles) character file.

Game seed: 2666663999364526668

5 gelatine the Stinger (level 1, -2/13 HPs)
             Began as a Demonspawn Venom Mage on Aug 24, 2022.
             Slain by a quokka (4 damage)
             ... on level 1 of the Dungeon.
             The game lasted 00:00:45 (160 turns).

gelatine the Stinger (Demonspawn Venom Mage)         Turns: 160, Time: 00:00:46

Health: -2/13      AC:  2    Str:  8    XL:     1   Next: 66%
Magic:  1/3        EV: 12    Int: 16    God:
Gold:   0          SH:  0    Dex: 13    Spells: 3/4 levels left

rFire   . . .      SeeInvis .   c - +0 dagger
rCold   . . .      Faith    .   (no shield)
rNeg    . . .      Spirit   .   a - +0 robe
rPois   .          Reflect  .   (no helmet)
rElec   .          Harm     .   (no cloak)
rCorr   .          Rampage  .   (no gloves)
Will    .....                   (no boots)
Stlth   ++........              (no amulet)
HPRegen 0.04/turn               (no ring)
MPRegen 0.08/turn               (no ring)

@: no status effects
A: no striking features
a: no special abilities


You were on level 1 of the Dungeon.
You visited 1 branch of the dungeon, and saw 1 of its levels.

Inventory:

Hand Weapons
 c - a +0 dagger (weapon)
Armour
 a - a +0 robe (worn)
Scrolls
 d - a scroll of enchant armour {unknown}
Potions
 b - a potion of magic


   Skills:
 + Level 1.7 Dodging
 + Level 1.7 Stealth
 + Level 2.1 Spellcasting
 + Level 0.8 Transmutations
 + Level 3.2 Poison Magic


You had 3 spell levels left.
You knew the following spells:

 Your Spells              Type           Power      Damage    Failure   Level
a - Sting                 Tmut/Pois      32%        1d4       9%          1

Your spell library contained the following spells:

 Spells                   Type           Power      Damage    Failure   Level
 Poisonous Vapours        Pois/Air       12%        N/A       16%         2
 Mephitic Cloud           Conj/Pois/Air  5%         N/A       36%         3
 Olgreb's Toxic Radiance  Pois           12%        N/A       47%         4


Dungeon Overview and Level Annotations

Branches:
Dungeon (1/15)

Altars:


Message History

A goblin comes into view. It is wielding a +0 dagger.
The goblin shouts!
Found a scroll labelled DOROQE SAGEASH.
The sting misses the goblin.
A quokka comes into view.
The sting hits the goblin.
The goblin is poisoned.
The goblin is moderately wounded.
The goblin hits you with a +0 dagger.
A goblin comes into view. It is wielding a +0 dagger.
The sting hits the goblin.
The goblin looks even sicker.
The goblin is severely wounded.
The goblin shouts!
The goblin misses you.
You closely miss the goblin.
The goblin is severely wounded.
The goblin hits you but does no damage.
You hit the goblin.
You kill the goblin!
The quokka bites you but does no damage.
You are out of magic!
You closely miss the quokka.
The hobgoblin shouts!
The quokka barely misses you.
You barely miss the quokka. The quokka barely misses you.
You hit the quokka.
The quokka is almost dead.
The quokka closely misses you. The quokka bites you.
The goblin attacks as you move away! The goblin hits you but does no damage.
An endoplasm comes into view.
The goblin attacks as you move away! The goblin hits you with a +0 dagger.
The goblin barely misses you. The quokka attacks as you move away!
The quokka closely misses you. The goblin attacks as you move away!
The goblin hits you with a +0 dagger.
* * * LOW HITPOINT WARNING * * *
The quokka closely misses you.
Found 2 fizzy orange potions.
You closely miss the quokka.
The quokka is almost dead.
The quokka bites you.
You die...

....#######.. .. .#.#
............# .####.#.#
.........##.###r....J...
.......................#
.............# #.......#
....#........###.......
..........#...gg...#
..........#....#r#.#
...............#@#
............g..#....#
...........).........#
...............#.#?..#
.#.#...#.....[.#.#.....
...........#...#.......#
..................#..#.#
...........#.#.##. ...!.
.............#..


You could see an endoplasm (asleep), 2 quokkas and a goblin.

Vanquished Creatures
  An endoplasm (D:1)
  2 goblins (D:1)
  A bat (D:1)
  A frilled lizard (D:1)
5 creatures vanquished.

Notes
Turn   | Place    | Note
-------+----------+-------------------------------------------
     0 | D:1      | gelatine the Demonspawn Venom Mage began the quest for the
                  | Orb.
     0 | D:1      | Reached XP level 1. HP: 13/13 MP: 3/3
   160 | D:1      | Slain by a quokka

Illustrated notes

Levels and vault maps discovered:
D:1:      dpeg_arrival_court, layout_basic

Action                   || total
-------------------------++-------
Melee: Dagger            ||    10
       Unarmed           ||     2
 Cast: Sting             ||    11
Armor: Robe              ||     8
Dodge: Dodged            ||    16
